 Dungeon Crawl Stone Soup version 0.18.1-8-gdd0e5ea (webtiles) character file.

150 Liquid the Skirmisher (level 5, -3/42 HPs)
             Began as a Human Fighter on June 4, 2016.
             Killed from afar by a white imp (4 damage)
             ... with a puff of frost
             ... summoned by Natasha
             ... on level 3 of the Dungeon.
             The game lasted 00:06:48 (2351 turns).

Liquid the Skirmisher (Human Fighter)               Turns: 2351, Time: 00:06:49

Health: -3/42      AC:  9    Str: 22    XL:     5   Next: 58%
Magic:  5/5        EV:  7    Int:  9    God:
Gold:   100        SH:  9    Dex: 12    Spells: 0 memorised, 4 levels left

rFire  + . .     SeeInvis .     a - +0 trident
rCold  . . .     Gourm    .     b - +0 scale mail
rNeg   . . .     Faith    .     c - +0 shield
rPois  .         Spirit   .     (no helmet)
rElec  .         Dismiss  .     i - +0 cloak
rCorr  .         Reflect  .     r - +0 pair of gloves (curse)
SustAt .         Harm     .     (no boots)
MR     .....                    (no amulet)
Stlth  ..........               (no ring)
                                l - ring of protection from fire

@: mighty, slowed, very slow, not resistant to hostile enchantments, extremely
unstealthy
A: no striking features
a: no special abilities


You were on level 3 of the Dungeon.
You were very hungry.

You visited 1 branch of the dungeon, and saw 3 of its levels.

You collected 100 gold pieces.

Inventory:

Hand Weapons
 a - a +0 trident (weapon)
Armour
 b - a +0 scale mail (worn)
 c - a +0 shield (worn)
 i - a +0 cloak (worn)
 r - a cursed +0 pair of gloves (worn)
Jewellery
 l - a ring of protection from fire (left hand)
 n - an uncursed ring of ice {unknown}
Scrolls
 e - 3 scrolls of teleportation {unknown}
 g - a scroll of amnesia {unknown}
 h - a scroll of random uselessness {unknown}
 k - a scroll of magic mapping {unknown}
 o - 2 scrolls of remove curse {unknown}
 q - 3 scrolls of identify {unknown}
 u - a scroll of fear {unknown}
 w - a scroll of fog {unknown}
Potions
 d - 2 potions of might
 j - a potion of flight {unknown}
 m - 2 potions of curing {unknown}
 p - a potion of brilliance {unknown}
 t - a potion of heal wounds {unknown}
Comestibles
 f - 2 bread rations
 s - 2 meat rations
 v - a beef jerky


   Skills:
 + Level 3.8 Fighting
 * Level 3.6 Polearms
 + Level 3.7 Armour
 + Level 3.6 Shields


You had 4 spell levels left.
You didn't know any spells.

Dungeon Overview and Level Annotations

Branches:
Dungeon (3/15)

Altars:

Annotations:
D:3 Natasha


Message History

The puff of frost hits you!
* * * LOW HITPOINT WARNING * * *
You block Natasha's attack. You block the kobold's attack. Natasha claws you!
* * * LOW HITPOINT WARNING * * *
The white imp hits you but does no damage.
Unknown command.
You barely miss Natasha.
Natasha is heavily wounded.
The kobold closely misses you. You block the white imp's attack.
Natasha stares at you and mumbles some strange words.
You feel as though you will be slow longer.
You block the kobold's attack.
Unknown command.
You hit Natasha.
Natasha is almost dead.
You block the white imp's attack. You block Natasha's attack.
The kobold hits you but does no damage. Natasha closely misses you.
The white imp gestures at you. The puff of frost hits you!
You die...

###'### #......# #...#
#.....[# ##...# ###......#
#....## .'......# #......
#......###### #...###
#............ #...#
#...5hK...... #...#
#@....... #...# #.#######
#...# #(# ##### #.# #.#
#.# #.# #.#
#########.################


You could see Natasha, a white imp and a kobold.

Vanquished Creatures
  Natasha (twice) (D:3)
  3 adders (D:2)
  2 oozes
  3 worms (D:2)
  A giant gecko (D:1)
  An orc (D:3)
  6 bats
  3 giant cockroaches (D:1)
  4 goblins
  4 hobgoblins
  4 jackals (D:2)
  A quokka (D:3)
  3 ball pythons
  4 giant newts
  10 kobolds
  10 rats
61 creatures vanquished.

Notes
Turn   | Place    | Note
--------------------------------------------------------------
     0 | D:1      | Liquid the Human Fighter began the quest for the Orb.
     0 | D:1      | Reached XP level 1. HP: 18/18 MP: 1/1
    17 | D:1      | Reached XP level 2. HP: 20/24 MP: 2/2
   485 | D:1      | Reached XP level 3. HP: 29/29 MP: 3/3
  1248 | D:2      | Reached XP level 4. HP: 34/35 MP: 4/4
  2018 | D:3      | Noticed Natasha
  2028 | D:3      | Killed Natasha
  2028 | D:3      | Reached XP level 5. HP: 33/42 MP: 5/5
  2213 | D:3      | Noticed Natasha
  2229 | D:3      | Killed Natasha
  2322 | D:3      | Noticed Natasha
  2349 | D:3      | HP: 1/42 [Natasha (7)]
  2351 | D:3      | Killed from afar by a white imp

Skill      XL: |  1  2  3  4 |
---------------+-------------+-----
Polearms       | 3 |  3.6
Fighting       | |  3.8
Armour         | |  3.7
Shields        | |  3.6

Action                   |  1- 3 |  4- 6 || total
-------------------------+-------+-------++-------
Melee: Trident           |   122 |   119 ||   241
  Use: Potion            |       |     1 ||     1
  Eat: Chunk             |     1 |     3 ||     4
Armor: Scale mail        |    60 |    50 ||   110
Dodge: Dodged            |    32 |    33 ||    65
Block: Shield            |    54 |    48 ||   102
